 Dungeon Crawl Stone Soup version 0.26.1-11-gd32895ea62 (webtiles) character file.

Game seed: 10401799610367645847

386 jlumianski the Grasshopper (level 6, -4/51 HPs)
             Began as a Gnoll Warper on July 1, 2021.
             Slain by a bullfrog (8 damage)
             ... on level 4 of the Dungeon.
             The game lasted 00:13:00 (4675 turns).

jlumianski the Grasshopper (Gnoll Warper)           Turns: 4675, Time: 00:13:01

Health: -4/51      AC:  6    Str: 12 (13) XL:     6   Next: 78%
Magic:  13/14      EV: 14    Int: 15 (18) God:
Gold:   219        SH:  0    Dex: 12 (14) Spells: 10/15 levels left

rFire    . . .     SeeInvis .   w - +0 war axe
rCold    . . .     Faith    .   (no shield)
rNeg     . . .     Spirit   .   b - +0 leather armour
rPois    .         Reflect  .   q - +0 helmet
rElec    .         Harm     .   t - +0 cloak
rCorr    .         Rampage  .   (no gloves)
Will     .....                  l - +0 pair of boots
Stlth    ++........             (no amulet)
HPRegen  0.17/turn              (no ring)
MPRegen  0.14/turn              (no ring)

@: no status effects
A: distributed training, fangs 1, strong nose
a: no special abilities


You were on level 4 of the Dungeon.
You visited 1 branch of the dungeon, and saw 4 of its levels.

You collected 254 gold pieces.
You spent 35 gold pieces at shops.

Inventory:

Hand Weapons
 a - a +0 hand axe
 f - a +0 whip of draining
 w - a +0 war axe (weapon)
 y - a +3 quarterstaff of chaos
Missiles
 e - 5 boomerangs of dispersal
 h - 129 stones
 j - 16 poisoned darts (quivered)
 n - 8 sling bullets
 v - 37 bolts
Armour
 b - a +0 leather armour (worn)
 l - a +0 pair of boots (worn)
 q - a +0 helmet (worn)
 t - a +0 cloak (worn)
Wands
 p - a wand of random effects (27)
 x - a wand of flame (8)
Scrolls
 g - 3 scrolls of identify {unknown}
 i - a scroll of fog {unknown}
 k - a scroll of fear {unknown}
 r - a scroll of teleportation {unknown}
 A - a scroll of remove curse {unknown}
 B - a scroll of magic mapping
Potions
 c - a potion of ambrosia {unknown}
 m - 2 potions of might
 o - a potion of attraction {unknown}
 s - a potion of degeneration
 u - a potion of mutation {unknown}
 z - a potion of curing {unknown}


   Skills:
 + Level 5.0 Fighting
 + Level 2.1 Short Blades
 + Level 2.1 Long Blades
 + Level 5.0 Axes
 + Level 2.1 Maces & Flails
 + Level 2.1 Polearms
 + Level 2.1 Staves
 + Level 2.1 Slings
 + Level 2.1 Bows
 + Level 2.1 Crossbows
 + Level 3.3 Throwing
 + Level 3.3 Armour
 + Level 5.0 Dodging
 + Level 2.1 Stealth
 + Level 2.1 Shields
 + Level 2.1 Unarmed Combat
 + Level 5.4 Spellcasting
 + Level 1.6 Conjurations
 + Level 1.6 Hexes
 + Level 1.6 Summonings
 + Level 1.6 Necromancy
 + Level 5.7 Translocations
 + Level 1.6 Transmutations
 + Level 1.6 Fire Magic
 + Level 1.6 Ice Magic
 + Level 1.6 Air Magic
 + Level 1.6 Earth Magic
 + Level 1.6 Poison Magic
 + Level 2.3 Invocations
 + Level 2.1 Evocations


You had 10 spell levels left.
You knew the following spells:

 Your Spells              Type           Power        Failure   Level
a - Blink                 Tloc           N/A          2%          2
b - Gell's Gravitas       Tloc           10%          5%          3

Your spell library contained the following spells:

 Spells                   Type           Power        Failure   Level
 Lesser Beckoning         Tloc           10%          5%          3
 Teleport Other           Tloc           21%          5%          3
 Passage of Golubria      Tloc           N/A          19%         4


Dungeon Overview and Level Annotations

Branches:
Dungeon (4/15)
 Temple: D:4-7

Altars:
Fedhas
Gozag
Hepliaklqana

Shops:
D:4 ?(*:


Innate Abilities, Weirdness & Mutations

Your experience applies equally to all skills.
You have very sharp teeth.
Your uncanny sense of smell can sniff out nearby items.


Message History

Found Mywur's Antique Weapon Boutique.
The bullfrog croaks.
The phantom blinks!
The bullfrog hits you but does no damage.
The bullfrog hits you.
* * * LOW HITPOINT WARNING * * *
The bullfrog hits you.
* * * LOW HITPOINT WARNING * * *
Things that are here:
a +0 spear; a gnoll corpse
Okay, then.
Unknown command.
Unknown command.
Blink to where?
Press: ? - help, Dir - move target
As you read the scroll of blinking, it crumbles to dust.
The bullfrog closely misses you. The bullfrog misses you.
The bullfrog hits you!
You die...

######### #.......#
#.......##############♣##
####+####.>....F@..............'∩
........#........#############♣##
........#........# ♣
........#........# .
........#.......## ∆ ..
................# ...
..⌠.⌠...#.......# ##.
##.∩..########### #. ##⌠.⌠## .


You could see a bullfrog.

Vanquished Creatures
  An orc priest (D:3)
  Crazy Yiuf (D:3)
  Jessica (D:3)
  A bullfrog skeleton (D:4)
  A worker ant (D:4)
  An orc wizard (D:3)
  Robin (D:2)
  7 gnolls
  6 adders
  An adder skeleton (D:4)
  A worm (D:2)
  A dart slug (D:3)
  4 leopard geckos
  8 orcs
  7 bats
  16 goblins
  8 hobgoblins
  6 jackals
  A quokka (D:2)
  5 frilled lizards
  4 kobolds
  2 rats (D:2)
84 creatures vanquished.

Vanquished Creatures (others)
  2 fungi (D:3)
2 creatures vanquished.

Grand Total: 86 creatures vanquished

Notes
Turn   | Place    | Note
-------+----------+-------------------------------------------
     0 | D:1      | jlumianski the Gnoll Warper began the quest for the Orb.
     0 | D:1      | Reached XP level 1. HP: 20/20 MP: 6/6
   242 | D:1      | Reached XP level 2. HP: 16/26 MP: 7/7
   665 | D:1      | Learned a level 2 spell: Blink
  1208 | D:2      | Reached skill level 5 in Spellcasting
  1208 | D:2      | Reached XP level 3. HP: 24/31 MP: 7/9
  1406 | D:2      | Reached skill level 1 in Invocations
  1609 | D:2      | Reached skill level 1 in Short Blades
  1609 | D:2      | Reached skill level 1 in Long Blades
  1609 | D:2      | Reached skill level 1 in Maces & Flails
  1609 | D:2      | Reached skill level 1 in Polearms
  1609 | D:2      | Reached skill level 1 in Staves
  1609 | D:2      | Reached skill level 1 in Slings
  1609 | D:2      | Reached skill level 1 in Bows
  1609 | D:2      | Reached skill level 1 in Crossbows
  1609 | D:2      | Reached skill level 1 in Stealth
  1609 | D:2      | Reached skill level 1 in Shields
  1609 | D:2      | Reached skill level 1 in Unarmed Combat
  1609 | D:2      | Reached skill level 1 in Evocations
  1714 | D:2      | Noticed Robin
  1754 | D:1      | Reached XP level 4. HP: 20/38 MP: 11/11
  1934 | D:2      | Killed Robin
  2128 | D:2      | Found a hazy altar of Hepliaklqana.
  2264 | D:2      | Found a blossoming altar of Fedhas.
  2278 | D:2      | Found an opulent altar of Gozag.
  2350 | D:3      | Reached skill level 1 in Conjurations
  2350 | D:3      | Reached skill level 1 in Hexes
  2350 | D:3      | Reached skill level 1 in Summonings
  2350 | D:3      | Reached skill level 1 in Necromancy
  2350 | D:3      | Reached skill level 1 in Transmutations
  2350 | D:3      | Reached skill level 1 in Fire Magic
  2350 | D:3      | Reached skill level 1 in Ice Magic
  2350 | D:3      | Reached skill level 1 in Air Magic
  2350 | D:3      | Reached skill level 1 in Earth Magic
  2350 | D:3      | Reached skill level 1 in Poison Magic
  2756 | D:3      | Noticed Jessica
  2773 | D:3      | Killed Jessica
  2774 | D:3      | Reached XP level 5. HP: 43/43 MP: 12/12
  2778 | D:3      | Learned a level 3 spell: Gell's Gravitas
  3427 | D:3      | Reached XP level 6. HP: 50/50 MP: 5/13
  4127 | D:3      | Found a runed translucent door.
  4128 | D:3      | Noticed Crazy Yiuf
  4137 | D:3      | Killed Crazy Yiuf
  4275 | D:4      | Found Xuar's Book Shop.
  4293 | D:4      | Reached skill level 5 in Fighting
  4293 | D:4      | Reached skill level 5 in Axes
  4293 | D:4      | Reached skill level 5 in Dodging
  4401 | D:4      | Found Emuaschu's General Store.
  4480 | D:4      | Found Tetseog's Magic Scroll Boutique.
  4488 | D:4      | Bought a scroll of magic mapping for 35 gold pieces
  4642 | D:4      | Noticed a phantom
  4655 | D:4      | Found Mywur's Antique Weapon Boutique.
  4660 | D:4      | HP: 2/51 [bullfrog (5)]
  4675 | D:4      | Slain by a bullfrog

Illustrated notes

Levels and vault maps discovered:
D:1:      dpeg_arrival_long_road, layout_loops_ring
D:2:      layout_basic, old_standard_altar, amethyst_overflow_temple_binary,
          minivault_25, uniq_robin
D:3:      layout_basic, uniq_jessica, uniq_crazy_yiuf_cottage
D:4:      layout_basic, general_overflow_altar, serial_shops, shop_fountains,
          nicolae_shop_behind_doors, kennysheep_mini_moat, shop,
          nicolae_shop_temple_entry_statues_fountains, minmay_manual_monstrance,
          uniq_natasha

Skill      XL: |  1  2  3  4  5  6 |
---------------+-------------------+-----
Spellcasting   | 5 |  5.4
Invocations    | 1 2 |  2.3
Short Blades   | 1 2 |  2.1
Long Blades    | 1 2 |  2.1
Maces & Flails | 1 2 |  2.1
Polearms       | 1 2 |  2.1
Staves         | 1 2 |  2.1
Slings         | 1 2 |  2.1
Bows           | 1 2 |  2.1
Crossbows      | 1 2 |  2.1
Stealth        | 1 2 |  2.1
Shields        | 1 2 |  2.1
Unarmed Combat | 1 2 |  2.1
Evocations     | 1 2 |  2.1
Conjurations   | 1 |  1.6
Hexes          | 1 |  1.6
Summonings     | 1 |  1.6
Necromancy     | 1 |  1.6
Transmutations | 1 |  1.6
Fire Magic     | 1 |  1.6
Ice Magic      | 1 |  1.6
Air Magic      | 1 |  1.6
Earth Magic    | 1 |  1.6
Poison Magic   | 1 |  1.6
Throwing       | 3 |  3.3
Armour         | 3 |  3.3
Fighting       | 5 |  5.0
Axes           | 5 |  5.0
Dodging        | 5 |  5.0
Translocations | |  5.7

Action                   |  1- 3 |  4- 6 || total
-------------------------+-------+-------++-------
Melee: Hand axe          |    82 |    97 ||   179
       Bite              |     7 |    20 ||    27
       War axe           |       |   109 ||   109
       Punch             |       |     2 ||     2
Throw: Stone             |     6 |       ||     6
       Dart              |    12 |    13 ||    25
 Cast: Blink             |     1 |     5 ||     6
       Gell's Gravitas   |       |    14 ||    14
  Use: Potion            |       |     2 ||     2
       Scroll            |       |     1 ||     1
 Stab: Sleeping          |       |     1 ||     1
Armor: Leather armour    |    16 |    50 ||    66
Dodge: Dodged            |    70 |   170 ||   240
